Map: Submarine LE

Players

LiquidClem (Clem)

  • Race: Terran Terran
  • League: Bronze
  • Spawn Location: 11:00

Stats - Winner!

  • Race: Protoss Protoss
  • Spawn Location: 5:00

Event: War Chest Team League

VOD

Have the link to the VOD?

Description

Time

  • Played on: July 31, 2020, 6:35 a.m.
  • Length: 9:35

All games in this series

Show
View Real Time Build Order
Export as new Build Order

LiquidClem Terran 

Build Orders: Reaper Expand 

Get SALT Encoding   

  12  0:00  SCV  
  13  0:12  SCV  
  14  0:17  Supply Depot  
  14  0:24  SCV  
  15  0:38  SCV  
  15  0:40  Barracks  
  16  0:43  Refinery  
  16  0:50  SCV  
  17  1:03  SCV  
  18  1:15  SCV  
  19  1:28  Orbital Command, Reaper  
  20  1:44  Command Center  
  20  1:53  SCV  
  21  1:55  Bunker  
  21  1:59  Supply Depot  
  21  2:00  Marine  
  22  2:05  SCV  
  23  2:13  Factory  
  23  2:20  Marine, SCV  
  25  2:24  Bunker  
  25  2:32  SCV  
  25  2:37  Refinery  
  26  2:39  Barracks Reactor  
  26  2:44  SCV  
  27  2:56  SCV  
  27  2:57  Orbital Command  
  28  2:59  Hellion  
  28  3:01  Starport  
  30  3:09  SCV  
  31  3:16  Marine x2  
  33  3:20  Factory Tech Lab  
  33  3:21  SCV  
  33  3:24  SCV  
  35  3:27  Supply Depot  
  35  3:33  SCV  
  36  3:36  SCV  
  36  3:37  Marine x2  
  38  3:44  Factory Tech Lab  
  38  3:45  SCV  
  38  3:46  Barracks  
  38  3:47  Raven  
  41  3:50  Barracks  
  41  3:52  SCV  
  42  3:56  Marine x2  
  42  3:57  SCV  
  45  4:04  SCV  
  45  4:08  Siege Tank  
  45  4:09  SCV  
  50  4:10  Supply Depot  
  50  4:14  Marine x2  
  50  4:15  Refinery  
  52  4:19  SCV  
  52  4:21  SCV  
  54  4:31  Marine  
  54  4:32  Marine, SCV  
  54  4:35  Supply Depot  
  54  4:36  Marine  
  58  4:39  SCV  
  58  4:40  Siege Tank  
  62  4:47  Bunker  
  62  4:53  Supply Depot  
  62  4:56  Marine x3  
  62  4:57  Marauder, SCV  
  62  4:58  Medivac  
  70  5:06  Supply Depot  
  70  5:07  Stimpack  
  70  5:12  SCV  
  70  5:15  SCV  
  70  5:17  Marine  
  70  5:22  Marauder  
  70  5:24  SCV  
  70  5:25  Combat Shield  
  70  5:27  SCV  
  70  5:28  Marauder  
  76  5:32  Supply Depot  
  76  5:35  Marine  
  77  5:40  Engineering Bay  
  77  5:43  Refinery  
  77  5:44  Starport Reactor  
  77  5:45  Marauder  
  77  5:49  Marauder  
  81  5:51  Factory Tech Lab  
  81  5:52  SCV x2  
  81  5:54  Marine  
  81  5:55  Marine  
  85  5:59  Supply Depot  
  85  6:03  Supply Depot  
  84  6:07  Marauder  
  84  6:10  SCV  
  88  6:11  Terran Infantry Weapons Level 1  
  88  6:12  Marine x2  
  88  6:17  Marauder  
  91  6:22  Siege Tank  
  91  6:25  Supply Depot  
  94  6:28  Marauder, Medivac  
  94  6:30  Marine x2  
  100  6:35  Supply Depot  
  100  6:38  Marauder  
  102  6:40  Medivac  
  102  6:44  Command Center  
  104  6:50  Marine x2  
  104  6:51  Supply Depot  
  104  6:52  Marauder  
  108  6:56  Siege Tank  
  108  7:01  Marauder  
  111  7:02  Concussive Shells  
  110  7:10  Supply Depot  
  110  7:12  Supply Depot, Medivac  
  110  7:13  Marauder  
  110  7:14  Marine x2  
  116  7:21  SCV x2  
  116  7:22  Marauder  
  118  7:32  Marine x2  
  118  7:35  Marauder  
  122  7:37  Barracks  
  122  7:38  Barracks  
  122  7:39  Siege Tank  
  122  7:43  Marine  
  122  7:49  Medivac  
  103  7:52  Marine x2  
  103  7:56  Marauder, Medivac  
  102  7:59  SCV  
  102  8:01  Marauder  
  105  8:11  Marine x2  
  105  8:12  SCV x2  
  109  8:17  Marauder  
  109  8:18  Siege Tank  
  114  8:23  Marauder  
  114  8:24  Viking, SCV  
  118  8:29  Orbital Command  
  118  8:30  Marine  
  118  8:32  Barracks Reactor, Barracks Tech Lab  
  116  8:34  Marine  
  116  8:39  Viking  
  119  8:43  Marauder, SCV  
  119  8:46  Marauder  
  124  8:49  Refinery  
  124  8:51  Marine  
  124  8:52  Marauder  
  126  8:57  Siege Tank  
  126  9:00  SCV  
  126  9:02  Marine, SCV  
  124  9:04  Marauder  
  124  9:07  SCV  
  116  9:10  Marauder  
  116  9:14  Marine x2  
Show
View Real Time Build Order
Export as new Build Order

Stats Protoss - Winner!

Build Orders: 1 Gate Expand, Blink Stalkers 

Get SALT Encoding   

  12  0:00  Probe  
  13  0:12  Probe  
  14  0:17  Pylon  
  14  0:24  Probe (Chrono Boost)  
  15  0:37  Gateway, Probe (Chrono Boost)  
  16  0:44  Probe (Chrono Boost)  
  16  0:45  Assimilator  
  17  0:51  Probe  
  18  1:03  Probe  
  19  1:15  Probe  
  20  1:24  Cybernetics Core  
  20  1:32  Nexus  
  20  1:33  Probe  
  21  1:41  Pylon  
  21  1:47  Assimilator  
  21  1:48  Probe  
  22  1:58  Adept (Chrono Boost)  
  22  2:00  Probe  
  25  2:06  Shield Battery  
  25  2:08  Warp Gate  
  25  2:12  Probe  
  26  2:18  Stalker (Chrono Boost)  
  28  2:27  Probe  
  29  2:36  Twilight Council  
  29  2:43  Probe (Chrono Boost)  
  30  2:48  Probe (Chrono Boost)  
  31  2:56  Probe (Chrono Boost)  
  31  2:57  Probe (Chrono Boost)  
  33  3:00  Robotics Facility  
  33  3:02  Probe  
  33  3:05  Probe  
  34  3:15  Probe  
  34  3:16  Blink (Chrono Boost)  
  34  3:17  Probe  
  36  3:27  Probe  
  36  3:29  Gateway, Probe  
  38  3:35  Gateway  
  38  3:42  Gateway  
  38  3:43  Probe x2  
  38  3:47  Observer (Chrono Boost)  
  41  3:51  Shield Battery  
  41  3:55  Probe  
  41  3:56  Pylon  
  41  4:00  Warp Prism (Chrono Boost)  
  44  4:08  Probe  
  45  4:10  Probe  
  46  4:17  Stalker, Assimilator  
  46  4:22  Observer  
  48  4:33  Stalker x2  
  48  4:36  Pylon  
  52  4:44  Probe  
  52  4:45  Probe  
  54  4:46  Pylon  
  54  4:49  Assimilator  
  54  4:58  Stalker x4  
  54  4:59  Observer  
  62  5:04  Probe x2  
  62  5:06  Observer  
  64  5:07  Pylon  
  64  5:22  Stalker x3  
  64  5:26  Stalker  
  72  5:31  Probe  
  72  5:32  Probe  
  74  5:40  Robotics Bay  
  74  5:42  Forge  
  74  5:45  Probe x2  
  74  5:47  Charge  
  76  5:52  Observer  
  76  5:53  Nexus  
  76  5:55  Pylon  
  77  6:09  Pylon, Protoss Ground Weapons Level 1 (Chrono Boost)  
  77  6:19  Extended Thermal Lance  
  77  6:23  Probe  
  77  6:24  Probe  
  79  6:26  Pylon  
  79  6:27  Colossus (Chrono Boost)  
  79  6:29  Pylon  
  79  6:31  Observer  
  85  6:34  Gateway  
  85  6:35  Gateway  
  85  6:36  Shield Battery  
  85  6:39  Sentry  
  87  6:43  Sentry  
  87  6:44  Zealot x2  
  93  7:05  Zealot x3  
  99  7:11  Colossus (Chrono Boost), Observer  
  99  7:13  Zealot  
  107  7:18  Probe x3  
  110  7:29  Zealot x3  
  116  7:42  Zealot  
  118  7:51  Zealot x3  
  104  7:55  Probe x2  
  104  7:56  Probe  
  107  8:03  Colossus (Chrono Boost), Zealot x3  
  107  8:04  Observer  
  113  8:10  Pylon  
  113  8:12  Pylon, Zealot x3  
  125  8:14  Pylon  
  125  8:19  Gravitic Drive  
  125  8:30  Zealot x3  
  125  8:34  Zealot x3  
  137  8:43  Probe x3  
  137  8:47  Pylon  
  140  8:49  Pylon  
  140  8:55  Zealot x4  
  120  9:19  Zealot x6  
Tags
 
Add a new tag
Caveats
  • Supply blocks, unpowered buildings, or Contaminate may cause inaccurate times.
  • Supply counts are checked every 10 seconds.